 Dungeon Crawl Stone Soup version 0.18.1-1-g2f07953 (webtiles) character file.

7055 shmeve the Fighter (level 10, 48/93 HPs)
             Began as a Minotaur Fighter on May 7, 2016.
             Was an Elder of Okawaru.
             Quit the game on level 1 of the Lair of Beasts.
             The game lasted 00:31:32 (7570 turns).

shmeve the Fighter (Minotaur Fighter)               Turns: 7570, Time: 00:31:32

Health: 48/93      AC: 12    Str: 23    XL:     10   Next: 83%
Magic:  11/11      EV:  9    Int:  5    God:    Okawaru [****..]
Gold:   393        SH: 12    Dex: 11    Spells: 0 memorised, 9 levels left

rFire  . . .     SeeInvis .     a - +0 war axe
rCold  . . .     Gourm    .     i - +0 chain mail
rNeg   . . .     Faith    .     c - +0 shield
rPois  +         Spirit   .     (helmet restricted)
rElec  .         Dismiss  .     (no cloak)
rCorr  .         Reflect  .     (no gloves)
SustAt .         Harm     .     z - +0 pair of boots {Stlth+}
MR     +....                    (no amulet)
Stlth  ..........               y - ring of poison resistance
                                k - ring of protection from magic

@: somewhat resistant to hostile enchantments, extremely unstealthy
A: retaliatory headbutt, horns 2
a: Heroism, Renounce Religion


You were on level 1 of the Lair of Beasts.
You worshipped Okawaru.
Okawaru was greatly pleased with you.
You were hungry.

You visited 3 branches of the dungeon, and saw 10 of its levels.
You also visited: Sewer.

You collected 519 gold pieces.
You spent 126 gold pieces at shops.

Inventory:

Hand Weapons
 a - a +0 war axe (weapon)
Missiles
 K - 2 javelins of returning (quivered)
Armour
 c - a +0 shield (worn)
 i - a +0 chain mail (worn)
 z - a +0 pair of boots of stealth (worn)
Jewellery
 k - a ring of protection from magic (left hand)
 y - a ring of poison resistance (right hand)
 G - a +3 ring of strength {unknown}
 L - an uncursed ring of stealth {unknown}
Wands
 v - a wand of teleportation (4/9)
Scrolls
 h - 10 scrolls of identify
 n - 3 scrolls of teleportation
 p - a scroll of enchant weapon {unknown}
 r - 2 scrolls of amnesia
 s - a scroll of random uselessness
 t - a scroll of remove curse
 x - 2 scrolls of immolation {unknown}
 C - a scroll of recharging {unknown}
 D - 2 scrolls of fog {unknown}
 E - a scroll of silence {unknown}
 I - a scroll of summoning {unknown}
 M - a scroll of blinking {unknown}
Potions
 b - 3 potions of agility {unknown}
 d - 2 potions of might
 e - 3 potions of mutation {unknown}
 g - 7 potions of curing {unknown}
 j - 4 potions of brilliance {unknown}
 q - 3 potions of degeneration {unknown}
 u - a potion of heal wounds
 F - a potion of flight {unknown}
 H - a potion of lignification {unknown}
 J - a potion of ambrosia {unknown}
Books
 o - a book of Geomancy

   Spells                             Type                      Level
   a - Sandblast                      Earth                        1
   b - Passwall                       Transmutation/Earth          2
   c - Stone Arrow                    Conjuration/Earth            3
   d - Petrify                        Transmutation/Earth          4
   e - Lee's Rapid Deconstruction     Earth                        5
Comestibles
 f - 2 bread rations
 l - 2 meat rations
 w - a royal jelly
 A - a slice of pizza
 B - a beef jerky


   Skills:
 * Level 9.9 Fighting
 * Level 9.5 Axes
 + Level 5.1 Throwing
 + Level 7.6 Armour
 + Level 5.6 Dodging
 * Level 9.8 Shields
 + Level 3.8 Invocations


You had 9 spell levels left.
You didn't know any spells.

Dungeon Overview and Level Annotations

Branches:
Dungeon (8/15)             Temple (1/1) D:5            Lair (1/8) D:8

Altars:
Ashenzari
Cheibriados
Dithmenos
Elyvilon
Fedhas
Gozag
Kikubaaqudgha
Makhleb
Nemelex Xobeh
Okawaru
Pakellas
Qazlal
Ru
Sif Muna
Trog
Vehumet
Xom
Yredelemnul
Zin
The Shining One

Shops:
D:5 [


Innate Abilities, Weirdness & Mutations

You reflexively headbutt those who attack you in melee.
You have a pair of horns on your head.


Message History

Throwing (i - inventory):
K - 2 javelins of returning (quivered)
Press: ? - help, Shift-Dir - straight line, f/p - giant frog
Aim: a giant frog (lightly wounded)
You throw a javelin of returning.
The javelin of returning hits the giant frog.
The giant frog is moderately wounded.
The javelin of returning returns to your pack!
You block the giant frog's attack.
You closely miss the giant frog.
The giant frog is moderately wounded.
The giant frog misses you. You furiously retaliate!
You headbutt the giant frog. You closely miss the giant frog.
Your headbutt misses the giant frog.
The giant frog is heavily wounded.
You block the giant frog's attack. x2
You slice the giant frog!!
You kill the giant frog!
Okawaru accepts your kill.
You see here a giant frog corpse.
Are you sure you want to abandon this character and quit the game? (Confirm with "yes".)

##......................÷......
##...........#.#.#.#..........
###..........................
#.........#.#.#(#......÷...
##..............>..........
#........#.#.#.#..........
##........................
##......[................
#......@##.#............
#........# ##..####...##
##........# .# # #.....()..P#
##.....(..## ##.....(...
###..#..... #.....(.. ......(


There were no monsters in sight!

Vanquished Creatures
  Pikel (D:7)
  The ghost of blooo the Carver, a novice DEBe of Trog (D:6)
  A spiny frog (Lair:1)
  A kobold demonologist (Sewer)
  A komodo dragon (Lair:1)
  Grinder (Sewer)
  7 yaks
  2 hippogriffs (Lair:1)
  Menkaure (D:6)
  2 hungry ghosts
  The ghost of babuloseo the Sneak, an amateur OpAs of Dithmenos (D:4)
  A porcupine (Lair:1)
  2 orc warriors
  A sky beast (D:5)
  2 slaves (D:7)
  An ogre (D:7)
  4 centaurs
  3 crocodiles
  Blork the orc (D:6)
  2 big kobolds
  A gnoll sergeant (D:8)
  6 giant frogs
  A wyvern skeleton (D:6)
  2 scorpions
  4 killer bees (D:7)
  5 wights (D:8)
  A howler monkey (D:4)
  A quasit (Sewer)
  2 jellies
  A gnoll shaman (D:4)
  4 hounds
  A centaur skeleton (D:7)
  3 orc priests
  9 orc wizards
  2 iguanas
  3 worker ants
  2 big kobold zombies (Sewer)
  3 hound zombies
  10 gnolls
  A howler monkey skeleton (D:7)
  9 adders
  6 river rats
  3 shadow imps
  3 ufetubi (Sewer)
  3 oozes
  An adder skeleton (D:5)
  4 worms
  2 dart slugs (D:1)
  6 giant geckos
  26 orcs
  18 bats
  8 giant cockroaches
  4 goblins
  6 hobgoblins
  28 kobolds
  2 quokkas
  3 ball pythons
  A giant gecko skeleton (D:7)
  5 giant newts
  A kobold zombie (Sewer)
  21 rats
258 creatures vanquished.

Vanquished Creatures (others)
  An ooze (Sewer)
  A fungus (D:8)
2 creatures vanquished.

Grand Total: 260 creatures vanquished

Notes
Turn   | Place    | Note
--------------------------------------------------------------
     0 | D:1      | shmeve the Minotaur Fighter began the quest for the Orb.
     0 | D:1      | Reached XP level 1. HP: 19/19 MP: 0/0
    96 | D:1      | Reached XP level 2. HP: 25/27 MP: 1/1
   316 | D:1      | Reached XP level 3. HP: 33/33 MP: 2/2
   630 | D:2      | Found a radiant altar of Vehumet.
  1206 | D:3      | Reached skill level 1 in Dodging
  1292 | D:3      | Reached XP level 4. HP: 39/40 MP: 3/3
  1305 | D:3      | Reached skill level 1 in Throwing
  1378 | D:3      | Found a glowing golden altar of the Shining One.
  1409 | D:3      | Reached XP level 5. HP: 29/47 MP: 4/4
  1744 | D:4      | Found a glowing drain.
  1905 | Sewer    | Entered a sewer
  2043 | Sewer    | Found a burning altar of Makhleb.
  2056 | Sewer    | Reached skill level 5 in Fighting
  2064 | Sewer    | Reached XP level 6. HP: 30/56 MP: 5/5
  2207 | Sewer    | Noticed Grinder
  2231 | Sewer    | Killed Grinder
  2256 | Sewer    | Noticed an apprentice kobold demonologist
  2261 | Sewer    | Reached skill level 5 in Shields
  2285 | Sewer    | Killed an apprentice kobold demonologist
  2285 | Sewer    | Reached skill level 5 in Axes
  2285 | Sewer    | Reached skill level 5 in Armour
  2285 | Sewer    | Reached XP level 7. HP: 40/62 MP: 6/6
  2476 | D:4      | Noticed babuloseo's ghost (amateur OpAs)
  2489 | D:4      | Killed babuloseo's ghost
  2527 | D:4      | Got a smoking bone ring
  2529 | D:4      | Identified the ring of Situjam {rF+ Int+4} (You found it on level 4 of the Dungeon)
  2563 | D:4      | Found a burning altar of Makhleb.
  2567 | D:4      | Found a basalt altar of Yredelemnul.
  2568 | D:4      | Found a stormy altar of Qazlal.
  2631 | D:4      | Reached XP level 8. HP: 63/71 MP: 7/7
  3208 | D:5      | Entered Level 5 of the Dungeon
  3222 | D:5      | Found Fuarap's Antique Armour Boutique.
  3230 | D:5      | Bought a pair of glowing boots for 126 gold pieces
  3244 | D:5      | Found a staircase to the Ecumenical Temple.
  3276 | Temple   | Entered the Ecumenical Temple
  3362 | Temple   | Became a worshipper of Warmaster Okawaru
  3651 | D:5      | Found a bloodstained altar of Trog.
  3936 | D:5      | Reached skill level 1 in Invocations
  4262 | D:6      | Noticed blooo's ghost (novice DEBe)
  4278 | D:6      | Killed blooo's ghost
  4278 | D:6      | Reached * piety under Okawaru
  4278 | D:6      | Reached XP level 9. HP: 46/80 MP: 7/9
  4292 | D:6      | Found a snail-covered altar of Cheibriados.
  4343 | D:6      | Found an oddly glowing altar of Pakellas.
  4658 | D:6      | Noticed Menkaure
  4661 | D:6      | Noticed Blork the orc
  4664 | D:6      | Killed Menkaure
  4669 | D:6      | Killed Blork the orc
  5166 | D:7      | Reached ** piety under Okawaru
  5981 | D:7      | Noticed Pikel
  5997 | D:7      | Killed Pikel
  5997 | D:7      | Reached skill level 5 in Dodging
  5997 | D:7      | Reached XP level 10. HP: 71/90 MP: 8/11
  6513 | D:8      | Reached *** piety under Okawaru
  6699 | D:8      | Found a staircase to the Lair.
  6884 | Lair:1   | Entered Level 1 of the Lair of Beasts
  6907 | Lair:1   | Noticed a spiny frog
  6925 | Lair:1   | HP: 4/91 [spiny frog (18)]
  6929 | Lair:1   | Killed a spiny frog
  6929 | Lair:1   | Received a gift from Okawaru
  6931 | Lair:1   | Reached skill level 5 in Throwing
  6942 | Lair:1   | Found a shimmering altar of Xom.
  7119 | Lair:1   | Reached **** piety under Okawaru
  7570 | Lair:1   | Quit the game

Skill      XL: |  1  2  3  4  5  6  7  8  9 10 |
---------------+-------------------------------+-----
Axes           | 3 4 5 6 8 9 |  9.5
Fighting       | 4 5 6 7 8 9 |  9.9
Armour         | 4 5 6 7 |  7.6
Shields        | 4 5 6 7 8 9 |  9.8
Dodging        | 1 2 3 4 5 |  5.6
Throwing       | 1 2 3 4 5 |  5.1
Invocations    | 1 2 3 |  3.8

Action                   |  1- 3 |  4- 6 |  7- 9 | 10-12 || total
-------------------------+-------+-------+-------+-------++-------
Melee: War axe           |   109 |   126 |   295 |   152 ||   682
       Headbutt          |    16 |    20 |    62 |    32 ||   130
Throw: Javelin           |       |       |     5 |    11 ||    16
Invok: Heroism           |       |       |     4 |     4 ||     8
  Use: Scroll            |       |       |       |     5 ||     5
       Potion            |       |       |       |     5 ||     5
  Eat: Chunk             |     1 |     4 |    12 |     7 ||    24
       Beef jerky        |       |       |       |     1 ||     1
Armor: Scale mail        |     9 |       |       |       ||     9
       Chain mail        |    65 |   143 |   165 |    62 ||   435
Dodge: Dodged            |    27 |    75 |   125 |    82 ||   309
Block: Shield            |    80 |   125 |   217 |   148 ||   570
